[Event "*** SCC Grand Prix: Titled Tuesday Blitz"]
[Site "Chess.com"]
[Date "2020.09.29"]
[Round "4"]
[White "Sanyura"]
[Black "tteshan"]
[Result "0-1"]
[WhiteElo "2590"]
[BlackElo "2364"]
[TimeControl "180+1"]
[EndTime "10:38:29 PDT"]
[Termination "tteshan won by resignation"]

1. e4 c5 2. Nf3 d6 3. d4 cxd4 4.
Nxd4 Nf6 5. Nc3 Nc6 6. Bg5 e6 7. Qd2 a6 8. O-O-O Bd7 9. Nxc6 Bxc6 10. f3 Be7 11. h4 Rc8 12. g4 b5 13. Bd3 Qa5 14. Kb1 b4 15. Ne2 d5 16. e5 Nd7 17.
Bxe7 Kxe7 18. Qg5+ Kf8 19. h5 h6 20. Qf4 d4 21. Qxd4 Nxe5 22. Be4 Bxe4 23. Qxe4 Nc4 24. Nf4 Qe5 25. Qxe5 Nxe5 26. Rd4 Nxf3 27. Rxb4 Ke7 28. Rb7+ Kf6 29. Nd3 e5 30. Rb6+ Kg5 31. c3 e4 32. Nf2 e3 33. Nd3 Rhd8 34. Nc1 Kxg4 35. Rxa6 Kg3 36. Ra4 Kf2 37. Re4 Nd2+ 38. Kc2 Nxe4 39.
Nd3+ Kg2 40. Re1 Nf2 41. Rxe3 Nxd3 42. Rxd3 Rxd3 43. Kxd3 g6 44. b4 gxh5 45. b5 h4 46. a4 h3 47. a5 h2 48. b6 h1=Q 49.
b7 Qf1+ 50. Kc2 Qe2+ 51. Kb3 Qb5+ 0-1

[Event "*** SCC Grand Prix: Titled Tuesday Blitz"]
[Site "Chess.com"]
[Date "2020.09.29"]
[Round "4"]
[White "Kotofeyca"]
[Black "HanSchut"]
[Result "1-0"]
[WhiteElo "2344"]
[BlackElo "2230"]
[TimeControl "180+1"]
[EndTime "10:38:29 PDT"]
[Termination "Kotofeyca won on time"]

1. d4 Nf6 2. c4 g6 3. f3 Nc6 4. e4 e5 5. dxe5 Nxe5 6. Nc3 Bg7 7.
Bg5 h6 8. Be3 O-O 9. Qd2 Kh7 10.
Nh3 d5 11. Nf2 dxc4 12. Qc2 c6 13. Rd1 Qa5 14. h3 b5 15. f4 Ned7 16. e5 Nh5 17.
Ne4 f5 18. g4 Nxf4 19. gxf5 gxf5 20. Bxf4 fxe4 21. Qxe4+ Kh8 22. Rg1 Nb6 23. Rxg7 Kxg7 24.
Rd6 Kf7 25. Qg6+ Ke7 26. Bxh6 Bf5 27. Bg5+ 1-0

[Event "*** SCC Grand Prix: Titled Tuesday Blitz"]
[Site "Chess.com"]
[Date "2020.09.29"]
[Round "4"]
[White "Iball95"]
[Black "Tenamu"]
[Result "0-1"]
[WhiteElo "2681"]
[BlackElo "2373"]
[TimeControl "180+1"]
[EndTime "10:38:30 PDT"]
[Termination "Tenamu won on time"]

1. d4 e6 2. Bf4 Nf6 3. e3 c5 4. c3 b6 5. Nd2 Bb7 6. Ngf3 Be7 7. h3 O-O 8. Bd3 a6 9. O-O h6 10. a4 d5 11. Ne5 Ne4 12. Nxe4 dxe4 13. Be2 Nc6 14. Qb3 Na5 15. Qa2 Rc8 16. Rfd1 c4 17.
Nxc4 Bd5 18. b3 Nb7 19. Qb2 b5 20. axb5 axb5 21. Ne5 Qe8 22. c4 Bc6 23. Ra7 Nd6 24. Nxc6 Rxc6 25. c5 Nc8 26. Ra8 e5 27. Bxe5 Rg6 28.
d5 Bxc5 29. d6 Qc6 30. Ra5 Bxd6 31. Bxb5 Qc5 32. Bxd6 Nxd6 33. b4 Qh5 34. Be2 Qxh3 35. Bf1 Nc4 0-1

[Event "*** SCC Grand Prix: Titled Tuesday Blitz"]
[Site "Chess.com"]
[Date "2020.09.29"]
[Round "4"]
[White "chegueps"]
[Black "tk22h"]
[Result "1-0"]
[WhiteElo "2461"]
[BlackElo "2309"]
[TimeControl "180+1"]
[EndTime "10:38:30 PDT"]
[Termination "chegueps won by resignation"]

1. d4 Nf6 2. Nf3 g6 3. Nc3 d5 4. Bf4 Bg7 5. e3 O-O 6. Ne5 c5 7. h4 h5 8. Qf3 Nc6 9. O-O-O cxd4 10. exd4 Nxe5 11. dxe5 Bg4 12. Qg3 Bxd1 13. exf6 Bxf6 14. Nxd1 Qa5 15. Kb1 Rfc8 16. Bd3 Kg7 17. Ne3 Rc6 18. Be5 Rac8 19. Nf5+ Kf8 20. Nd4 Rb6 21. Nb3 Qb4 22. f4 Bxe5 23. fxe5 Qg4 24. Qf2 Kg7 25. Rf1 f5 26.
Nd4 Rb4 27. Bxf5 gxf5 28. Nxf5+ Kh8 29. Nxe7 Rg8 30. Nxg8 Qxg8 31. Qf6+ Qg7 32. Qd8+ Kh7 33. Qe8 Re4 34. Qxh5+ Qh6 35. Rf7+ Kg8 36. Qxh6 Re1+ 37. Qc1 Rxc1+ 38. Kxc1 Kxf7 39. g4 1-0

[Event "*** SCC Grand Prix: Titled Tuesday Blitz"]
[Site "Chess.com"]
[Date "2020.09.29"]
[Round "4"]
[White "Gulkov_Igor"]
[Black "chessmachine14"]
[Result "1-0"]
[WhiteElo "2439"]
[BlackElo "2288"]
[TimeControl "180+1"]
[EndTime "10:38:35 PDT"]
[Termination "Gulkov_Igor won on time"]

1. Nf3 Nf6 2. c4 g6 3. Nc3 Bg7 4. e4 d6 5. d4 O-O 6. Be2 e5 7. Be3 Ng4 8. Bg5 f6 9. Bh4 h5 10. dxe5 dxe5 11. Qxd8 Rxd8 12. h3 Nh6 13. Nd5 g5 14.
Nxc7 gxh4 15. Nxa8 Na6 16. c5 Nxc5 17. Nc7 Kh7 18. O-O Nxe4 19. Rfd1 Rf8 20. Nxh4 f5 21. Rac1 Bf6 22. Nf3 Nf7 23. Nd5 Kg6 24. Rc7 Nfd6 25. Ne7+ Bxe7 26. Rxe7 Kf6 27. Rxe5 Nf7 28. Red5 Be6 29.
Rb5 Rg8 30. Nd4 Bd7 31. Rb4 Ne5 32. Rxb7 f4 33. Kf1 Ng5 34. Nf3 Ngxf3 35. Bxf3 1-0

[Event "*** SCC Grand Prix: Titled Tuesday Blitz"]
[Site "Chess.com"]
[Date "2020.09.29"]
[Round "4"]
[White "GMaka"]
[Black "RamyresCoelho"]
[Result "1-0"]
[WhiteElo "2367"]
[BlackElo "2012"]
[TimeControl "180+1"]
[EndTime "10:38:35 PDT"]
[Termination "GMaka won by resignation"]

1. d4 Nf6 2. c4 g6 3. Nc3 d5 4.
h4 Bg7 5. cxd5 Nxd5 6. h5 Nxc3 7. bxc3 c5 8. hxg6 hxg6 9. Rxh8+ Bxh8 10. e3 Nc6 11. Bb5 cxd4 12. Bxc6+ bxc6 13. cxd4 c5 14. Nf3 Bg4 15. Qa4+ Kf8 16. Bb2 Bxf3 17. gxf3 Rb8 18. Bc3 Qb6 19. Rd1 Bf6 20. Qc4 cxd4 21. Bxd4 Bxd4 22. Rxd4 Qb1+ 23. Rd1 Qb6 24. Qc3 f6 25. Rd2 Qb1+ 26. Ke2 Qb5+ 27. Qd3 Qxd3+ 28. Kxd3 Rd8+ 29. Kc3 Rxd2 30. Kxd2 Ke8 31. Kc3 Kd7 32. Kb4 Kc6 33.
Ka5 Kb7 34. Kb5 a6+ 35. Kc5 Kc7 36. f4 e6 37. e4 f5 38. e5 a5 39. a4 Kd7 40.
Kb6 Kd8 41. Kxa5 Kc7 42. Kb5 Kb7 43. Kc5 Kc7 44. a5 Kd7 45. a6 Kc7 46. f3 Kb8 47. Kd6 g5 48. fxg5 Ka7 49. g6 Kxa6 50. g7 1-0

[Event "*** SCC Grand Prix: Titled Tuesday Blitz"]
[Site "Chess.com"]
[Date "2020.09.29"]
[Round "4"]
[White "azikom"]
[Black "ARTHURMOTIVATOR"]
[Result "1-0"]
[WhiteElo "2637"]
[BlackElo "2351"]
[TimeControl "180+1"]
[EndTime "10:38:36 PDT"]
[Termination "azikom won on time"]

1. e4 c6 2. Nc3 d5 3. Nf3 dxe4 4. Nxe4 Nf6 5. Ng3 h5 6. d4 h4 7. Ne2 h3 8. g3 Bg4 9. Nc3 e5 10. Be2 Bxf3 11. Bxf3 exd4 12. Ne2 Bc5 13. O-O Nbd7 14. Nf4 O-O 15. Re1 Qc7 16. Nxh3 Ne5 17. Bg2 Rfe8 18.
Nf4 Rad8 19. Nd3 Nxd3 20. cxd3 Bb4 21. Bd2 Rxe1+ 22. Qxe1 Re8 23. Qd1 Bxd2 24. Qxd2 Qe5 25. Bf3 g6 26. Kg2 Kg7 27. h4 a5 28. Rc1 a4 29.
Rc4 Re6 30. Rxa4 Nd7 31. Rc4 Qf6 32. Qg5 Qxg5 33. hxg5 Rd6 34. Be2 Ne5 35. Rc2 Nd7 36. f4 Nb6 37. Bf3 Nd7 38. Kf2 f6 39. gxf6+ Nxf6 40. Re2 Kf7 41. b4 Nd7 42. a4 Kf6 43. a5 Nb8 44. Re5 Na6 45. b5 Nc7 46. bxc6 bxc6 47. Rc5 Nd5 48. Bxd5 cxd5 49. Kf3 Ke6 50. Kg4 Ra6 51.
Rb5 1-0

[Event "*** SCC Grand Prix: Titled Tuesday Blitz"]
[Site "Chess.com"]
[Date "2020.09.29"]
[Round "4"]
[White "Unknown_IM"]
[Black "Nastya_Rakhmangulova"]
[Result "1-0"]
[WhiteElo "2316"]
[BlackElo "2432"]
[TimeControl "180+1"]
[EndTime "10:38:36 PDT"]
[Termination "Unknown_IM won by resignation"]

1. e4 d5 2. exd5 Qxd5 3. Nf3 Nc6 4. d4 Bg4 5. Be2 O-O-O 6. c4 Qh5 7. d5 Bxf3 8. Bxf3 Qe5+ 9. Be3 Qxb2 10. Nd2 Ne5 11.
O-O Nxf3+ 12. Nxf3 e6 13. Qa4 a6 14. Rab1 Qa3 15.
Qc2 Bc5 16. Bf4 Nf6 17. Ng5 exd5 18. Nxf7 d4 19. Nxh8 Rxh8 20. Rb3 Qa5 21. Bd2 Qa4 22. Qf5+ Nd7 23. Rfb1 b6 24. Bf4 Re8 25. Qd5 Qxa2 26. Qc6 Kd8 27. Bxc7+ Ke7 28. R3b2 Qxc4 29. Bd6+ Kf7 30.
Qxd7+ Re7 31. Qxe7+ Kg6 32. Bxc5 bxc5 33. Rb6+ Kh5 34.
Qe5+ g5 35. h3 d3 36. g4+ 1-0

[Event "*** SCC Grand Prix: Titled Tuesday Blitz"]
[Site "Chess.com"]
[Date "2020.09.29"]
[Round "4"]
[White "rakshi2005"]
[Black "chigorin28"]
[Result "0-1"]
[WhiteElo "2259"]
[BlackElo "2428"]
[TimeControl "180+1"]
[EndTime "10:38:37 PDT"]
[Termination "chigorin28 won by checkmate"]

1. e4 c5 2. Nf3 Nc6 3. d4 cxd4 4. Nxd4 e5 5. Nb3 d6 6. Nc3 Nf6 7. Be2 Be7 8. O-O O-O 9. Be3 a6 10. Qd2 b5 11. f3 Be6 12. Nd5 Bxd5 13. exd5 Nb8 14. a4 Nbd7 15. axb5 axb5 16. Bxb5 Nb6 17. Rxa8 Nxa8 18. Be2 Nb6 19. c4 Nfd7 20. Na5 Qc7 21.
b4 f5 22. Nc6 Bf6 23. c5 Nc8 24. Ra1 Re8 25. Qc2 e4 26. fxe4 Bxa1 27. Qb1 Bf6 28. Bd3 Ne7 29. e5 Nxe5 30. Nxe5 Bxe5 31. cxd6 Bxd6 32. b5 Nxd5 33. Qb3 Rxe3 34. Qxd5+ Kh8 35. Qxf5 Qc1+ 36. Bf1 Re8 37. b6 Rf8 38. Qd3 Bc5+ 39. Kh1 Qxf1+ 40. Qxf1 Rxf1# 0-1

[Event "*** SCC Grand Prix: Titled Tuesday Blitz"]
[Site "Chess.com"]
[Date "2020.09.29"]
[Round "4"]
[White "sokidze"]
[Black "gmpeter008"]
[Result "1-0"]
[WhiteElo "2614"]
[BlackElo "2379"]
[TimeControl "180+1"]
[EndTime "10:38:38 PDT"]
[Termination "sokidze won by resignation"]

1. e4 e5 2. Nf3 Nc6 3. Bb5 g6 4. d4 exd4 5. c3 d3 6. O-O Bg7 7. Bxd3 Nge7 8. c4 O-O 9. Nc3 d6 10. Bg5 h6 11. Bh4 g5 12. Bg3 f5 13. exf5 Nxf5 14.
Nd2 Bxc3 15. bxc3 Qf6 16. Ne4 Qg7 17. Re1 Nxg3 18. Nxg3 Ne5 19. Be4 Qf7 20. f3 g4 21.
Bd5 Be6 22. fxg4 Bxd5 23. Nf5 Bf3 24. Nxh6+ Kg7 25. Nxf7 Bxd1 26. Nxe5 Bc2 27. Nf3 Rae8 28. Nd4 Be4 29. Re3 a6 30. Rae1 Rf4 31. g3 Rxg4 32.
h3 Rg6 33. Kh2 Rg4 34. hxg4 Rh8+ 35. Kg1 Rh1+ 36. Kf2 Rh2+ 37. Kf1 Rh1+ 38. Ke2 Rh2+ 39. Kd1 1-0

[Event "*** SCC Grand Prix: Titled Tuesday Blitz"]
[Site "Chess.com"]
[Date "2020.09.29"]
[Round "4"]
[White "Resignify"]
[Black "lucachess49"]
[Result "1-0"]
[WhiteElo "2250"]
[BlackElo "2391"]
[TimeControl "180+1"]
[EndTime "10:38:39 PDT"]
[Termination "Resignify won on time"]

1. e4 e5 2. Nf3 Nc6 3. Bb5 a6 4.
Ba4 Nf6 5. O-O Be7 6. Re1 b5 7. Bb3 d6 8. c3 O-O 9. h3 Na5 10.
Bc2 c5 11. d4 Qc7 12. Nbd2 Nc6 13. Nf1 cxd4 14. cxd4 exd4 15. Bg5 Be6 16. Rc1 Qb6 17. Bb1 Rac8 18. Ng3 h6 19. Bf4 Nd7 20. Qd2 Nde5 21. Nxe5 dxe5 22. Bxh6 Na5 23. b3 gxh6 24. Qxh6 f6 25.
Qg6+ Kh8 26. Nh5 Rf7 27. Rxc8+ 1-0

[Event "*** SCC Grand Prix: Titled Tuesday Blitz"]
[Site "Chess.com"]
[Date "2020.09.29"]
[Round "4"]
[White "elcandado"]
[Black "PSvidler"]
[Result "1-0"]
[WhiteElo "2580"]
[BlackElo "2920"]
[TimeControl "180+1"]
[EndTime "10:38:40 PDT"]
[Termination "elcandado won by resignation"]

1. d4 Nf6 2. Bf4 c5 3. c3 Qb6 4. Nd2 Qxb2 5. e4 Qxc3 6. Rc1 Qb4 7. Rxc5 Nc6 8. Rc4 Qa5 9. d5 e5 10. Bg3 h5 11. h3 h4 12. Bh2 Ne7 13. Bxe5 Ng6 14.
Bc3 Qb6 15. Qc2 Bc5 16. Nb3 d6 17. Ba5 Bxf2+ 18. Qxf2 Qxf2+ 19. Kxf2 Ne5 20. Rd4 b6 21. Bb5+ Bd7 22. Bxd7+ Kxd7 23. Bd2 Rac8 24. Nf3 Rc2 25.
Nxe5+ dxe5 26. Ra4 a5 27. Ke3 Rhc8 28. Rc1 Rxc1 29. Nxc1 g5 30. Nd3 Kd6 31. Ra3 g4 32.
Rc3 1-0

[Event "*** SCC Grand Prix: Titled Tuesday Blitz"]
[Site "Chess.com"]
[Date "2020.09.29"]
[Round "4"]
[White "anon481216"]
[Black "floplover"]
[Result "0-1"]
[WhiteElo "2434"]
[BlackElo "2318"]
[TimeControl "180+1"]
[EndTime "10:38:40 PDT"]
[Termination "floplover won by checkmate"]

1. d4 d5 2. c4 e6 3. Nf3 Nf6 4. Nc3 Bb4 5. e3 O-O 6. Bd3 c5 7. O-O cxd4 8. exd4 dxc4 9. Bxc4 h6 10. Qe2 Nc6 11.
Rd1 Ne7 12. Ne5 b6 13. Bf4 Bb7 14. Rac1 Rc8 15. Bb3 Nfd5 16. Bd2 Nxc3 17. bxc3 Ba3 18. Rc2 Nf5 19. Nxf7 Rxf7 20. Qxe6 Qf6 21. Be1 Kf8 22. Qxf7+ Qxf7 23. Bxf7 Kxf7 24. Re2 Nh4 25. f3 Nf5 26. Re5 g6 27. Bd2 Bd6 28. Ree1 Bd5 29. a4 h5 30. Ra1 a5 31. Rab1 Rc6 32. Rb5 Bc4 33. Rb2 Ba3 34.
Rbb1 Bd3 35. Rb3 Be7 36. Rb2 Nd6 37. Bf4 Nc4 38. Ra2 Bf5 39. Kf2 Be6 40. Raa1 Bd5 41. g3 Bf6 42. h4 Nb2 43. Reb1 Nd3+ 44. Ke3 Nxf4 45. Kxf4 Rxc3 46. Rxb6 Rxf3# 0-1

[Event "*** SCC Grand Prix: Titled Tuesday Blitz"]
[Site "Chess.com"]
[Date "2020.09.29"]
[Round "4"]
[White "Infernal_XaM"]
[Black "angryhorse9"]
[Result "1-0"]
[WhiteElo "2846"]
[BlackElo "2543"]
[TimeControl "180+1"]
[EndTime "10:38:41 PDT"]
[Termination "Infernal_XaM won by resignation"]

1. d4 Nf6 2. c4 e6 3. Nc3 Bb4 4. Bd2 O-O 5. Rc1 d5 6. cxd5 exd5 7. Nf3 c6 8. e3 Re8 9. Bd3 a5 10. Ne5 Nbd7 11. f4 Bxc3 12. Bxc3 Ne4 13. Bxe4 dxe4 14. Qb3 Nxe5 15. dxe5 Qh4+ 16. Kf1 b5 17. Be1 Qh6 18.
Qc2 Be6 19. a3 Bc4+ 20. Kg1 a4 21. h3 Bd5 22. Kh2 Rad8 23. Bb4 Qg6 24. Qf2 Bc4 25. f5 Qg5 26. Bc3 f6 27. exf6 gxf6 28. g4 Rd3 29.
Rce1 Kf7 30. Rhg1 Qh6 31. Qg3 Rd7 32. h4 Rg8 33. Kh3 Bd5 34. Rd1 Re8 35. g5 fxg5 36. Qxg5 Qxg5 37. hxg5 Rg8 38. Kg4 Ke8 39. Kf4 Rf7 40.
Rh1 Rgf8 41. Bf6 Rd7 42. Rh6 Bg8 43. Rxd7 Kxd7 44. Kxe4 Re8+ 45. Kf4 c5 46. Be5 b4 47. Rd6+ Ke7 48. Rc6 1-0

[Event "*** SCC Grand Prix: Titled Tuesday Blitz"]
[Site "Chess.com"]
[Date "2020.09.29"]
[Round "4"]
[White "Revnov"]
[Black "GM_LOADING"]
[Result "1-0"]
[WhiteElo "2705"]
[BlackElo "2494"]
[TimeControl "180+1"]
[EndTime "10:38:42 PDT"]
[Termination "Revnov won by resignation"]

1. e4 e5 2. Nf3 Nc6 3. Bb5 g6 4. O-O Bg7 5. c3 a6 6. Ba4 Nge7 7. d4 exd4 8. cxd4 O-O 9. d5 Na5 10. Bd2 Nc4 11. Bc3 Nxb2 12. Qb3 Nxa4 13. Qxa4 d6 14.
Bxg7 Kxg7 15. Nc3 c5 16. dxc6 Nxc6 17. Nd5 Be6 18. Rad1 Rc8 19. h4 Bg4 20. Qa3 Ne5 21.
Nxe5 Bxd1 22. Rxd1 dxe5 23. Qb2 Re8 24. g3 Rc4 25.
Re1 Rxe4 26. Rxe4 Qxd5 27. Re1 h5 28. a4 b5 29. axb5 axb5 30. Qb4 e4 31. Qc3+ Qe5 32.
Qb4 Re6 33. Kh2 Qf6 34. Kg1 Qf3 35. Re3 Qd1+ 36. Kg2 Qd5 37. Kg1 Qc4 38. Qb2+ Kg8 39.
Rc3 Qd4 40. Rc8+ 1-0

[Event "*** SCC Grand Prix: Titled Tuesday Blitz"]
[Site "Chess.com"]
[Date "2020.09.29"]
[Round "4"]
[White "AvitalBor"]
[Black "Th3_Hound"]
[Result "1-0"]
[WhiteElo "2779"]
[BlackElo "2521"]
[TimeControl "180+1"]
[EndTime "10:38:43 PDT"]
[Termination "AvitalBor won by resignation"]

1. e4 e5 2. Nf3 Nc6 3. Bb5 a6 4.
Ba4 Nf6 5. d3 b5 6. Bb3 Be7 7.
O-O d6 8. c3 O-O 9. Re1 Na5 10.
Bc2 c5 11. Nbd2 Nc6 12. Nf1 h6 13. Ng3 Re8 14. h3 Bf8 15. d4 cxd4 16. cxd4 Bd7 17.
Be3 Rc8 18. Rc1 Nb4 19. Bb1 a5 20. Qd2 Rxc1 21. Rxc1 Qa8 22. a3 Nc6 23. d5 Ne7 24. Rc7 Rc8 25. Ra7 Qb8 26. Qxa5 Ng6 27. Ne2 Be7 28. Qa6 Bd8 29. Rb7 Qa8 30. Qxa8 Rxa8 31.
Bd3 Bc8 32. Ra7 Rb8 33. b4 Bd7 34. Kf1 Ne7 35. Nc3 Nc8 36. Ra6 Ne8 37. a4 bxa4 38. b5 Nc7 39. Rxa4 Nb6 40. Ra1 f5 41. Nd2 f4 42. Bxb6 Rxb6 43. Nc4 Rxb5 44. Nxb5 Nxb5 45. Ra8 1-0

[Event "*** SCC Grand Prix: Titled Tuesday Blitz"]
[Site "Chess.com"]
[Date "2020.09.29"]
[Round "4"]
[White "Rital44"]
[Black "Sychev_Klementy"]
[Result "0-1"]
[WhiteElo "2360"]
[BlackElo "2877"]
[TimeControl "180+1"]
[EndTime "10:38:43 PDT"]
[Termination "Sychev_Klementy won by checkmate"]

1. e4 e5 2. Nf3 Nc6 3. Bb5 a6 4. Ba4 Nf6 5. O-O b5 6. Bb3 Bc5 7. c3 d6 8. d4 Bb6 9. Bg5 h6 10. Bd5 Bb7 11. Bh4 g5 12. Bg3 exd4 13. cxd4 Nxd5 14. exd5 Ne7 15. Nc3 Nxd5 16. Re1+ Kf8 17.
h4 Nxc3 18. bxc3 Bd5 19. a4 Kg7 20. Qd2 Bxf3 21. gxf3 Qf6 22. hxg5 hxg5 23. Re5 Rh5 24. Kg2 Rah8 25. axb5 axb5 26. Rae1 Qh6 27. Rxb5 c6 28. Rf5 Rh2+ 29. Bxh2 Qxh2+ 30. Kf1 Qh3+ 31. Ke2 Re8+ 32. Re5 dxe5 33. Qxg5+ Kf8 34. d5 e4 35. f4 Qd3# 0-1

[Event "*** SCC Grand Prix: Titled Tuesday Blitz"]
[Site "Chess.com"]
[Date "2020.09.29"]
[Round "4"]
[White "LogoCzar"]
[Black "Kaua18"]
[Result "1-0"]
[WhiteElo "2424"]
[BlackElo "2254"]
[TimeControl "180+1"]
[EndTime "10:38:44 PDT"]
[Termination "LogoCzar won on time"]

1. e4 c5 2. Nf3 Nc6 3. d4 cxd4 4. Nxd4 Nf6 5. Nc3 e5 6. Ndb5 d6 7. Bg5 a6 8. Na3 b5 9. Nd5 Be7 10. Bxf6 Bxf6 11. c3 Bg5 12. Nc2 O-O 13. a4 bxa4 14.
Rxa4 a5 15. Bc4 Rb8 16. Ra2 Kh8 17. b3 f5 18. exf5 Bxf5 19. O-O e4 20. Nce3 Bg6 21. f4 exf3 22. Rxf3 Rxf3 23. Qxf3 Ne5 24. Qe2 Qe8 25. Kh1 Bh5 26. g4 Bg6 27. Nf5 Qc6 28. Rxa5 h6 29.
Ra6 Qc5 30. Nxd6 Nxc4 31. bxc4 Rb1+ 32. Kg2 Qg1+ 33. Kh3 Re1 34. Qf3 Rf1 35. Qg2 Qxg2+ 36. Kxg2 Rc1 37. c5 Rd1 38. c4 Rc1 39. c6 1-0

[Event "*** SCC Grand Prix: Titled Tuesday Blitz"]
[Site "Chess.com"]
[Date "2020.09.29"]
[Round "4"]
[White "Nikithebest"]
[Black "KaspMagAlpha"]
[Result "1-0"]
[WhiteElo "2416"]
[BlackElo "2250"]
[TimeControl "180+1"]
[EndTime "10:38:44 PDT"]
[Termination "Nikithebest won by resignation"]

1. e4 c5 2. Nf3 e6 3. d3 d5 4. Qe2 dxe4 5. dxe4 Nf6 6. e5 Nd5 7. g3 Be7 8. Bg2 O-O 9. O-O b6 10. c4 Ba6 11. Rd1 Qc8 12. Qe4 Nc7 13. Nc3 Nd7 14. Bg5 Bxg5 15. Nxg5 g6 16. Qh4 h5 17. f4 Re8 18.
Nce4 Kg7 19. Nd6 Qd8 20. Ndxf7 Qe7 21. Bc6 Rad8 22. Nxd8 Rxd8 23. Rd6 Bxc4 24. Rad1 Bd5 25. Nxe6+ Qxe6 26. Rxe6 Nxe6 27. Rxd5 Nxe5 28. Qxd8 Nxd8 29. Rxd8 Nxc6 30. Rd7+ Kf8 31. a3 Ke8 32. Rc7 Ne7 33. Rxa7 Nd5 34. Rg7 Ne7 35. Kf2 Kd7 36. Kf3 Ke6 37.
Rxe7+ Kxe7 38. h3 Ke6 39. g4 hxg4+ 40. hxg4 Kd5 41. f5 gxf5 42. gxf5 Ke5 43. Kg4 Kf6 44. a4 c4 45. Kf4 Ke7 46. Ke5 Kf7 47. Kd5 c3 48. bxc3 Kf6 49. Kc6 Kxf5 50. Kxb6 Ke5 51. c4 Kd6 52. c5+ Kd7 53. Kb7 Ke6 54. c6 1-0

[Event "*** SCC Grand Prix: Titled Tuesday Blitz"]
[Site "Chess.com"]
[Date "2020.09.29"]
[Round "4"]
[White "queen_iryna"]
[Black "boasovietica"]
[Result "0-1"]
[WhiteElo "2295"]
[BlackElo "2441"]
[TimeControl "180+1"]
[EndTime "10:38:45 PDT"]
[Termination "boasovietica won by resignation"]

1. e4 e5 2. Nf3 Nc6 3. Bb5 a6 4. Bxc6 dxc6 5. O-O Bg4 6. d3 Qf6 7. Nbd2 Bd6 8. h3 h5 9. Re1 Bd7 10. Nc4 Ne7 11. Bg5 Qe6 12. Bxe7 Qxe7 13. Ne3 g6 14. d4 exd4 15. Qxd4 O-O-O 16. e5 Bc5 17. Qf4 Be6 18. c3 Rd7 19. b4 Bb6 20. a4 Rd3 21.
b5 cxb5 22. axb5 a5 23. Nd4 Rxc3 24. Rec1 Rxc1+ 25. Rxc1 Rd8 26. Nxe6 Qxe6 27. Nc4 Kb8 28. Nxb6 cxb6 29. Kh2 Rd5 30. Qc4 Qxe5+ 31. f4 Qd6 32.
Qc8+ Ka7 33. Qc4 Rc5 34. Qf1 g5 35. Rxc5 bxc5 36. g3 Qd2+ 37. Kh1 gxf4 38. gxf4 a4 39. Qb1 Qb4 40. Qf5 a3 41. Qxf7 Qb1+ 42. Kg2 a2 43.
b6+ Kxb6 44. Qg6+ Qxg6+ 0-1

[Event "*** SCC Grand Prix: Titled Tuesday Blitz"]
[Site "Chess.com"]
[Date "2020.09.29"]
[Round "4"]
[White "ENajer77"]
[Black "pastouche06"]
[Result "1-0"]
[WhiteElo "2704"]
[BlackElo "2489"]
[TimeControl "180+1"]
[EndTime "10:38:47 PDT"]
[Termination "ENajer77 won by resignation"]

1. e4 c6 2. d4 d5 3. e5 c5 4. Nf3 cxd4 5. Nxd4 e6 6. Bd3 Nc6 7. Nxc6 bxc6 8. O-O Ne7 9. Nd2 Ng6 10. Nf3 Be7 11. Qe2 O-O 12. g3 f5 13. c4 d4 14. c5 Bxc5 15. Bc4 Be7 16. Rd1 c5 17. b4 Qb6 18. bxc5 Bxc5 19. Ng5 f4 20. Qh5 h6 21.
Qxg6 hxg5 22. Bd3 Bb7 23. Qh7+ Kf7 24. Bg6+ Ke7 25. Rb1 Qc6 26. Qxg7+ Kd8 27. Qxb7 Qxb7 28. Rxb7 fxg3 29. hxg3 Kc8 30. Rh7 d3 31. Be3 Bxe3 32. fxe3 1-0

[Event "*** SCC Grand Prix: Titled Tuesday Blitz"]
[Site "Chess.com"]
[Date "2020.09.29"]
[Round "4"]
[White "KyronGriffith"]
[Black "Zemerovv"]
[Result "1-0"]
[WhiteElo "2517"]
[BlackElo "2304"]
[TimeControl "180+1"]
[EndTime "10:38:47 PDT"]
[Termination "KyronGriffith won by resignation"]

1. e4 g6 2. d4 Bg7 3. Nc3 d6 4. f4 a6 5. Nf3 b5 6. Bd3 Bb7 7. e5 Nd7 8. a4 b4 9. Ne4 Nh6 10. c3 bxc3 11. bxc3 a5 12. O-O O-O 13. Qe2 Nb6 14.
Bd2 Nf5 15. Rfb1 Bxe4 16. Bxe4 d5 17. Bd3 Qd7 18. g4 Nh6 19. h3 f6 20. Kg2 Rfc8 21.
c4 dxc4 22. Bxc4+ Nxc4 23. Qxc4+ Kh8 24. Rb7 Rab8 25. Rab1 Rxb7 26. Rxb7 fxe5 27. fxe5 Nxg4 28. hxg4 Qxg4+ 29. Kf2 Rf8 30. Qd5 e6 31. Qc6 Qxd4+ 32. Be3 Qh4+ 33. Ke2 Qh3 34. Rxc7 Qg2+ 35. Bf2 Bxe5 36.
Rc8 Rxc8 37. Qxc8+ Kg7 38. Qd7+ Kf6 39. Qd8+ Kf7 40. Nxe5+ Kg7 41. Qe7+ Kh6 42. Qf8+ Kg5 43. Nf3+ Kg4 44. Ne5+ Kg5 45. Qe7+ Kf5 46. Nf3 h5 47. Qf7+ Kg4 48. Qxg6+ 1-0

[Event "*** SCC Grand Prix: Titled Tuesday Blitz"]
[Site "Chess.com"]
[Date "2020.09.29"]
[Round "4"]
[White "ElusiveCat"]
[Black "Sesleria"]
[Result "0-1"]
[WhiteElo "2283"]
[BlackElo "2114"]
[TimeControl "180+1"]
[EndTime "10:38:47 PDT"]
[Termination "Sesleria won by checkmate"]

1. d4 d5 2. c4 c6 3. Nc3 Nf6 4. e3 e6 5. Nf3 Nbd7 6. Bd3 dxc4 7. Bxc4 b5 8. Bd3 a6 9. e4 c5 10. e5 cxd4 11. Nxb5 axb5 12. exf6 gxf6 13. O-O Bb7 14.
Nxd4 Rg8 15. g3 Qb6 16. Bxb5 O-O-O 17. Be3 Bc5 18. Rc1 Kb8 19. Bxd7 Rxd7 20. Rxc5 Qxc5 21. Qa4 Qd5 22. f3 e5 23. Nb5 Bc6 24. Ba7+ Kb7 25. Be3 Qxb5 26. Qa7+ Kc8 27. Qa3 Rd3 28. Qa7 Qb7 29. Qc5 Rgd8 30. b4 Rd1 31. a4 Rxf1+ 32. Kxf1 Kb8 33. f4 Rd5 34. Qf8+ Qc8 35. Qxf7 Rd1+ 36.
Ke2 Qd7 37. Qf8+ Kb7 38. Qc5 Qd3+ 39. Kf2 Rf1# 0-1

[Event "*** SCC Grand Prix: Titled Tuesday Blitz"]
[Site "Chess.com"]
[Date "2020.09.29"]
[Round "4"]
[White "vovachesss"]
[Black "SharapovEvgeny"]
[Result "1-0"]
[WhiteElo "2687"]
[BlackElo "2472"]
[TimeControl "180+1"]
[EndTime "10:38:48 PDT"]
[Termination "vovachesss won by resignation"]

1. c4 c6 2. Nc3 d5 3. e3 Nf6 4.
Nf3 g6 5. b3 Bg7 6. Bb2 O-O 7.
Be2 Bg4 8. O-O Nbd7 9. d4 e6 10. Rc1 Re8 11. h3 Bxf3 12. Bxf3 a6 13. e4 dxe4 14.
Nxe4 Nxe4 15. Bxe4 Nf6 16. Bf3 Qa5 17. Bc3 Qb6 18. Qd2 Rad8 19. Ba5 Qxd4 20. Qb4 Rd7 21. Rcd1 Qa7 22. Rxd7 Nxd7 23. Rd1 Ne5 24. Be2 c5 25. Qa4 Nc6 26. Bf3 Qa8 27. Rd7 Bd4 28. Rxb7 Ne5 29. Rxf7 Nxf3+ 30. Rxf3 Rf8 31. Rxf8+ Qxf8 32. Be1 Qf5 33.
Qxa6 Qe4 34. Qa5 Qe2 35. Kh2 Bxf2 36. Qd8+ Kf7 37. Bxf2 Qxf2 38. Qc7+ Kf6 39. a4 e5 40.
Qd6+ Kf7 41. Qxe5 1-0

[Event "*** SCC Grand Prix: Titled Tuesday Blitz"]
[Site "Chess.com"]
[Date "2020.09.29"]
[Round "4"]
[White "chessmadara"]
[Black "Grieve72"]
[Result "0-1"]
[WhiteElo "2132"]
[BlackElo "2460"]
[TimeControl "180+1"]
[EndTime "10:38:48 PDT"]
[Termination "Grieve72 won by resignation"]

1. e4 c5 2. Nf3 e6 3. d4 cxd4 4. Nxd4 Nc6 5. Nc3 Qc7 6. Be2 a6 7. O-O Nf6 8. Be3 Bb4 9. Na4 Be7 10. Nxc6 bxc6 11. Nb6 Rb8 12. Nxc8 Qxc8 13. e5 Nd5 14. Bc1 c5 15. c4 Nb4 16. b3 O-O 17.
Bf4 Nc6 18. Bf3 a5 19. Be4 Rd8 20. Qh5 g6 21. Qh6 Nd4 22. Rfe1 a4 23. bxa4 Qa6 24. Re3 Bf8 25. Qh4 Nf5 26. Bxf5 exf5 27. Rh3 h5 28. Qg5 Kh7 29. Rd1 Qxa4 30. Rxh5+ gxh5 31. Qxh5+ Kg8 32. Qg5+ Bg7 33. Re1 Rb6 34. Qxd8+ Kh7 35. Qxb6 Qxc4 36. Qb1 Qxf4 37. a4 Qxa4 38. Qxf5+ Kg8 39. Qg5 c4 40. h4 c3 41. h5 Kh7 42. Qf5+ Kg8 43. Qxd7 Qxd7 0-1